 Dungeon Crawl Stone Soup version 0.23.0 (webtiles) character file.

Game seed: 8821497565867318445

332 tidbits the Charmwright (level 6, -3/51 HPs)
             Began as a Gnoll Skald on Feb 14, 2019.
             Was an Initiate of Cheibriados.
             Slain by Duvessa
             ... wielding a +0 short sword
              (11 damage)
             ... on level 5 of the Dungeon.
             The game lasted 00:12:24 (1385 turns).

tidbits the Charmwright (Gnoll Skald)               Turns: 1385, Time: 00:12:25

Health: -3/51      AC:  7    Str: 12 (14) XL:     6   Next: 52%
Magic:  5/14       EV: 17    Int: 18 (19) God:    Cheibriados [......]
Gold:   184        SH:  0    Dex: 14 (15) Spells: 4/15 levels left

rFire    . . .     SeeInvis .   a - +0 trident
rCold    . . .     Gourm    .   (no shield)
rNeg     . . .     Faith    .   b - +0 leather armour
rPois    .         Spirit   .   o - +0 helmet
rElec    .         Reflect  .   C - scarf {cloud immunity}
rCorr    .         Harm     .   G - +0 pair of gloves
MR       .....                  (no boots)
Stlth    ++........             (no amulet)
HPRegen  0.17/turn              z - +3 ring of evasion
MPRegen  0.14/turn              (no ring)

@: flying, very slow
A: distributed training, fangs 1, iridescent scales 1, mutation resistance 1,
strong nose
a: Bend Time, Renounce Religion


You were on level 5 of the Dungeon.
You worshipped Cheibriados.
Cheibriados was noncommittal.
You were not hungry.

You visited 2 branches of the dungeon, and saw 7 of its levels.

You collected 184 gold pieces.

Inventory:

Hand Weapons
 a - a +0 trident (weapon)
 n - a +0 fustibalus
 r - a +0 spear
 s - a +0 dagger
 t - a +2 spear of venom
   (You found it on level 4 of the Dungeon)
 w - a +2 dagger of venom
   (You took it off an orc wizard on level 5 of the Dungeon)
Missiles
 f - 30 bolts
Armour
 b - a +0 leather armour (worn)
 k - a +2 buckler
 o - a +0 helmet (worn)
 C - a scarf of cloud immunity (worn)
   (You found it on level 3 of the Dungeon)
 G - a +0 pair of gloves (worn)
Magical Staves
 y - an uncursed staff of cold {unknown}
   (You found it on level 5 of the Dungeon)
Jewellery
 h - an uncursed ring of fire
   (You found it on level 1 of the Dungeon)
 z - a +3 ring of evasion (left hand)
   (You found it on level 5 of the Dungeon)
Wands
 v - a wand of digging (4)
Scrolls
 g - a scroll of immolation {unknown}
 l - a scroll of enchant armour {unknown}
 m - a scroll of teleportation {unknown}
 p - 2 scrolls of remove curse {unknown}
 q - 8 scrolls of identify {unknown}
 x - a scroll of acquirement {unknown}
Potions
 c - 3 potions of curing
Comestibles
 d - 5 rations


   Skills:
 + Level 5.0 Fighting
 + Level 2.0 Short Blades
 + Level 2.0 Long Blades
 + Level 2.0 Axes
 + Level 2.0 Maces & Flails
 + Level 5.0 Polearms
 + Level 2.0 Staves
 + Level 2.0 Slings
 + Level 2.0 Bows
 + Level 2.0 Crossbows
 + Level 2.0 Throwing
 + Level 3.2 Armour
 + Level 5.0 Dodging
 + Level 2.0 Stealth
 + Level 2.0 Shields
 + Level 2.0 Unarmed Combat
 + Level 5.3 Spellcasting
 + Level 1.5 Conjurations
 + Level 1.5 Hexes
 + Level 5.6 Charms
 + Level 1.5 Summonings
 + Level 1.5 Necromancy
 + Level 1.5 Translocations
 + Level 1.5 Transmutations
 + Level 1.5 Fire Magic
 + Level 1.5 Ice Magic
 + Level 1.5 Air Magic
 + Level 1.5 Earth Magic
 + Level 1.5 Poison Magic
 + Level 2.1 Invocations
 + Level 2.0 Evocations


You had 4 spell levels left.
You knew the following spells:

 Your Spells              Type           Power        Failure   Level  Hunger
g - Shroud of Golubria    Chrm/Tloc      ###.......   5%          2    #......
i - Infusion              Chrm           ####         1%          1    None
r - Regeneration          Chrm/Necr      ###.......   11%         3    ##.....
w - Spectral Weapon       Hex/Chrm       ###.....     11%         3    ##.....
y - Song of Slaying       Chrm           ####....     2%          2    #......

Your spell library contained the following spells:

 Spells                   Type           Power        Failure   Level  Hunger


Dungeon Overview and Level Annotations

Branches:
Dungeon (6/15)             Temple (1/1) D:4

Altars:
Ashenzari
Cheibriados
Dithmenos
Kikubaaqudgha
Nemelex Xobeh
Okawaru
Ru
Vehumet
Wu Jian
Xom
Zin

Annotations:
D:5 Duvessa


Innate Abilities, Weirdness & Mutations

Your experience applies equally to all skills.
You have very sharp teeth.
Your uncanny sense of smell can sniff out nearby items.
You are partially covered in iridescent scales. (AC +2)
You are somewhat resistant to further mutation.


Message History

The quokka misses you.
You puncture the quokka!
You kill the quokka!
Cheibriados appreciates the change of pace.
You barely miss Dowan. You bite Dowan.
Dowan is lightly wounded.
Your spectral weapon hits Dowan from afar.
Dowan casts a spell at you. The puff of flame hits you.
You puncture Dowan!
Dowan is heavily wounded.
Your spectral weapon hits Dowan from afar!
Dowan hits you with a +0 dagger.
You miss Dowan.
Dowan is almost dead.
Your spectral weapon hits Dowan from afar!
You kill Dowan!
Cheibriados appreciates the change of pace.
You hear a distant scream of rage.
Your Fighting skill increases to level 5!
Your Short Blades skill increases to level 2!
Your Long Blades skill increases to level 2!
Your Axes skill increases to level 2!
Your Maces & Flails skill increases to level 2!
Your Polearms skill increases to level 5!
Your Staves skill increases to level 2!
Your Slings skill increases to level 2!
Your Bows skill increases to level 2!
Your Crossbows skill increases to level 2!
Your Throwing skill increases to level 2!
Your Dodging skill increases to level 5!
Your Stealth skill increases to level 2!
Your Shields skill increases to level 2!
Your Unarmed Combat skill increases to level 2!
Your Evocations skill increases to level 2!
Unknown command.
Your shroud begins to fray at the edges.
Items here: ) [ †† a +0 dagger; a +0 robe; a quokka corpse; an adder corpse Unknown command.
Unknown command.
You are no longer glowing.
Unknown command.
Found a scroll labeled WODURCHY ROSYIPN and a leather armour.
Your shroud unravels.
You hear a shout!
Found 17 gold pieces.
Found a stone staircase leading down.
Attack whom?
Press: ? - help, Dir - move target cursor, f - Duvessa
Aim: Duvessa, wielding a +0 short sword and wearing a +0 leather armour You reach to attack!
You closely miss Duvessa.
Duvessa goes berserk!
Your spectral weapon closely misses Duvessa.
It was a potion of curing.
You feel better. Duvessa hits you with a +0 short sword.
Evoke which item? (* to show all) (? for menu, Esc to quit)
Okay, then.
The flow of time bends around you.
Cheibriados rebukes Duvessa.
Duvessa seems to slow down.
You feel slightly more hungry. Duvessa hits you with a +0 short sword.
Unknown command.
You hit Duvessa but do no damage. You bite Duvessa, but do no damage.
Your spectral weapon hits Duvessa.
Duvessa closely misses your spectral weapon.
You barely miss Duvessa.
Duvessa is lightly wounded.
Your spectral weapon hits Duvessa.
Duvessa hits your spectral weapon with a +0 short sword!
Your spectral weapon shares its damage with you!
Duvessa closely misses your spectral weapon.
You puncture Duvessa!
Duvessa is moderately wounded.
Your spectral weapon fades away.
Duvessa hits you with a +0 short sword!
Casting: Song of Slaying (safe; 2% risk of failure)
Confirm with . or Enter, or press ? or * to list all spells.
You miscast Spectral Weapon.
You are very lightly contaminated with residual magic.
You feel a strange surge of energy! Duvessa hits you with a +0 short sword!
* * * LOW HITPOINT WARNING * * *
It was a potion of mutation.
You feel extremely strange.
You feel genetically stable.
Iridescent scales grow over part of your body.
Your song is almost over.
Duvessa misses you.
It was a potion of degeneration.
There was something very wrong with that liquid.
You feel weakened.
You feel dopey.
You feel clumsy. Duvessa hits you with a +0 short sword!
* * * LOW HITPOINT WARNING * * *
It was a potion of cancellation.
Your magical effects are unravelling.
You feel magically purged.
Your magical contamination has completely faded away.
Your song has ended.
Duvessa barely misses you.
It was a potion of flight.
You feel very buoyant.
You fly up into the air.
Duvessa hits you with a +0 short sword!
You die...

.... ...##.$.. ..?..
......... ....$
#######........ ......
#..)........##.
......###..####.#### #.
................######.
...##...####.......#.
##..####......#... #@.##
#........... ....>...e#
#...........
....(...................
.....^..#.##..%.........
..##......##............
. ..[.....?............
......................
...........##..........
##.....##..


You could see Duvessa (berserk).

Vanquished Creatures
  Dowan (D:5)
  An orc priest (D:5)
  An orc wizard (D:5)
  Ijyb (D:4)
  Natasha (D:3)
  9 adders
  A shadow imp (D:5)
  An ooze (D:3)
  A worm (D:2)
  2 leopard geckos
  10 orcs
  4 bats
  A giant cockroach (D:3)
  7 hobgoblins
  4 jackals (D:1)
  6 kobolds
  2 quokkas
  5 frilled lizards
  9 goblins
  10 rats
77 creatures vanquished.

Notes
Turn   | Place    | Note
-------+----------+-------------------------------------------
     0 | D:1      | tidbits the Gnoll Skald began the quest for the Orb.
     0 | D:1      | Reached XP level 1. HP: 20/20 MP: 6/6
    69 | D:1      | Reached XP level 2. HP: 26/26 MP: 3/7
    87 | D:1      | Learned a level 2 spell: Song of Slaying
    90 | D:1      | Learned a level 2 spell: Shroud of Golubria
   265 | D:2      | Reached XP level 3. HP: 30/31 MP: 9/9
   270 | D:2      | Learned a level 3 spell: Regeneration
   274 | D:2      | Learned a level 3 spell: Spectral Weapon
   286 | D:2      | Reached skill level 5 in Spellcasting
   422 | D:2      | Reached skill level 1 in Invocations
   511 | D:3      | Reached skill level 1 in Short Blades
   511 | D:3      | Reached skill level 1 in Long Blades
   511 | D:3      | Reached skill level 1 in Axes
   511 | D:3      | Reached skill level 1 in Maces & Flails
   511 | D:3      | Reached skill level 1 in Staves
   511 | D:3      | Reached skill level 1 in Slings
   511 | D:3      | Reached skill level 1 in Bows
   511 | D:3      | Reached skill level 1 in Crossbows
   511 | D:3      | Reached skill level 1 in Throwing
   511 | D:3      | Reached skill level 1 in Stealth
   511 | D:3      | Reached skill level 1 in Shields
   511 | D:3      | Reached skill level 1 in Unarmed Combat
   511 | D:3      | Reached skill level 1 in Evocations
   516 | D:3      | Reached XP level 4. HP: 38/38 MP: 0/11
   713 | D:3      | Noticed Natasha
   721 | D:3      | Killed Natasha
   721 | D:3      | Reached skill level 1 in Conjurations
   721 | D:3      | Reached skill level 1 in Hexes
   721 | D:3      | Reached skill level 1 in Summonings
   721 | D:3      | Reached skill level 1 in Necromancy
   721 | D:3      | Reached skill level 1 in Translocations
   721 | D:3      | Reached skill level 1 in Transmutations
   721 | D:3      | Reached skill level 1 in Fire Magic
   721 | D:3      | Reached skill level 1 in Ice Magic
   721 | D:3      | Reached skill level 1 in Air Magic
   721 | D:3      | Reached skill level 1 in Earth Magic
   721 | D:3      | Reached skill level 1 in Poison Magic
   736 | D:3      | Reached XP level 5. HP: 33/43 MP: 2/12
   895 | D:3      | Found a shimmering altar of Xom.
   956 | D:3      | Found an ancient bone altar of Kikubaaqudgha.
  1003 | D:3      | Reached skill level 3 in Armour
  1063 | D:4      | Noticed Ijyb
  1074 | D:4      | Killed Ijyb
  1096 | D:4      | Found a staircase to the Ecumenical Temple.
  1105 | Temple   | Entered the Ecumenical Temple
  1146 | Temple   | Became a worshipper of Cheibriados the Contemplative
  1201 | D:5      | Entered Level 5 of the Dungeon
  1223 | D:5      | Reached XP level 6. HP: 41/50 MP: 3/13
  1225 | D:5      | Reached skill level 2 in Invocations
  1346 | D:5      | Noticed Dowan
  1346 | D:5      | Noticed Duvessa
  1367 | D:5      | Killed Dowan
  1367 | D:5      | Reached skill level 5 in Fighting
  1367 | D:5      | Reached skill level 2 in Short Blades
  1367 | D:5      | Reached skill level 2 in Long Blades
  1367 | D:5      | Reached skill level 2 in Axes
  1367 | D:5      | Reached skill level 2 in Maces & Flails
  1367 | D:5      | Reached skill level 5 in Polearms
  1367 | D:5      | Reached skill level 2 in Staves
  1367 | D:5      | Reached skill level 2 in Slings
  1367 | D:5      | Reached skill level 2 in Bows
  1367 | D:5      | Reached skill level 2 in Crossbows
  1367 | D:5      | Reached skill level 2 in Throwing
  1367 | D:5      | Reached skill level 5 in Dodging
  1367 | D:5      | Reached skill level 2 in Stealth
  1367 | D:5      | Reached skill level 2 in Shields
  1367 | D:5      | Reached skill level 2 in Unarmed Combat
  1367 | D:5      | Reached skill level 2 in Evocations
  1382 | D:5      | Gained mutation: You are somewhat resistant to further
                  | mutation. [potion of mutation]
  1382 | D:5      | Gained mutation: You are partially covered in iridescent
                  | scales. (AC +2) [potion of mutation]
  1383 | D:5      | HP: 8/51 [Duvessa/+0 short sword (8)]
  1385 | D:5      | Slain by Duvessa

Skill      XL: |  1  2  3  4  5  6 |
---------------+-------------------+-----
Spellcasting   | 5 |  5.3
Invocations    | 1 2 |  2.1
Short Blades   | 1 2 |  2.0
Long Blades    | 1 2 |  2.0
Axes           | 1 2 |  2.0
Maces & Flails | 1 2 |  2.0
Staves         | 1 2 |  2.0
Slings         | 1 2 |  2.0
Bows           | 1 2 |  2.0
Crossbows      | 1 2 |  2.0
Throwing       | 1 2 |  2.0
Stealth        | 1 2 |  2.0
Shields        | 1 2 |  2.0
Unarmed Combat | 1 2 |  2.0
Evocations     | 1 2 |  2.0
Conjurations   | 1 |  1.5
Hexes          | 1 |  1.5
Summonings     | 1 |  1.5
Necromancy     | 1 |  1.5
Translocations | 1 |  1.5
Transmutations | 1 |  1.5
Fire Magic     | 1 |  1.5
Ice Magic      | 1 |  1.5
Air Magic      | 1 |  1.5
Earth Magic    | 1 |  1.5
Poison Magic   | 1 |  1.5
Armour         | 3 |  3.2
Fighting       | 5 |  5.0
Polearms       | 5 |  5.0
Dodging        | 5 |  5.0
Charms         | |  5.6

Action                   |  1- 3 |  4- 6 || total
-------------------------+-------+-------++-------
Melee: Spear             |    67 |    65 ||   132
       Bite              |     5 |    13 ||    18
       Punch             |       |     1 ||     1
       Trident           |       |    62 ||    62
 Cast: Infusion          |     6 |       ||     6
       Song of Slaying   |     2 |     3 ||     5
       Shroud of Golubri |     1 |     4 ||     5
       Spectral Weapon   |     5 |    14 ||    19
       Regeneration      |       |     1 ||     1
Invok: Bend Time         |       |     1 ||     1
  Use: Potion            |       |     5 ||     5
 Stab: Sleeping          |     2 |     3 ||     5
  Eat: Ration            |     1 |     1 ||     2
Armor: Leather armour    |     5 |    18 ||    23
Dodge: Dodged            |    33 |    62 ||    95

Table legend:
 A = Turns spent in this place as a percentage of turns spent in the entire game.
 B = Non-inter-level travel turns spent in this place as a percentage of non-inter-level travel turns spent in the entire game.
 C = Inter-level travel turns spent in this place as a percentage of turns spent in this place.
 D = Turns resting spent in this place as a percentage of non-inter-level travel turns spent in this place.
 E = Turns spent auto-exploring this place as a percentage of non-inter-level travel turns spent in this place.
 F = Non-inter-level travel turns spent in this place divided by the number of levels of this place that you've seen.
                   A       B       C       D       E      F
               +-------+-------+-------+-------+-------+----------------------
         Total | 100.0 | 100.0 |   1.6 |   0.0 |   0.0 | 194.7
       Dungeon |  95.9 |  96.8 |   0.6 |   0.0 |   0.0 | 220.0
        Temple |   4.1 |   3.2 |  24.6 |   0.0 |   0.0 |  43.0
               +-------+-------+-------+-------+-------+----------------------

Table legend:
 A = Kills in this place as a percentage of kills in entire the game.
 B = Kills by you in this place as a percentage of kills by you in the entire game.
 C = Kills by friends in this place as a percentage of kills by friends in the entire game.
 D = Other kills in this place as a percentage of other kills in the entire game.
 E = Experience gained in this place as a percentage of experience gained in the entire game.
 F = Experience gained in this place divided by the number of levels of this place that you have seen.
                   A       B       C       D       E      F
               +-------+-------+-------+-------+-------+----------------------
         Total | 100.0 | 100.0 |   N/A |   N/A | 100.0 |  67.9
       Dungeon | 100.0 | 100.0 |   N/A |   N/A | 100.0 |  79.2
               +-------+-------+-------+-------+-------+----------------------

Levels and vault maps discovered:
D:1:      dpeg_chamrin_arrival_tetris, layout_loops_ring,
          chequers_serial_rivers_large_b, serial_bayou_pond_a
D:2:      layout_loops_ring, elyvilon_altar_3, lemuel_crystal_altar
D:3:      minmay_razor_zed, layout_loops_ring, nicolae_overflow_hidden_temple,
          brannock_xom_greatest_gift, minmay_diced_spiral, uniq_natasha
D:4:      layout_loops_ring, grunt_temple_overflow_open,
          minmay_temple_entry_large_hall, first_ration,
          chequers_serial_rivers_small_3, uniq_ijyb, uniq_edmund
D:5:      layout_rooms, okawaru_metal_pillars_1_2, uniq_duvessa
D:6:      layout_cave_pods, portal_sewer_entry_d, serial_park,
          serial_park_tiny_1, serial_park_gazebo [serial_park_minivault_5x5_4],
          serial_park_tiny_pond, uniq_crazy_yiuf_cottage
Temple:   compressed_dpeg_triangle_lava_temple
